 Dungeon Crawl Stone Soup version 0.17-a0-1842-gacc33f2 (webtiles) character file.

2619 Ijustatesigmund the Covert (level 9, -7/55 HPs)
             Began as a Kobold Assassin on Sept 17, 2015.
             Was a Priest of Okawaru.
             Killed from afar by bear's ghost (13 damage)
             ... with a spray of energy
             ... in an ossuary.
             The game lasted 00:29:52 (7032 turns).

Ijustatesigmund the Covert (Kobold Assassin)        Turns: 7032, Time: 00:29:52

Health: -7/55      AC:  5    Str: 12    XL:     9   Next: 91%
Magic:  14/14      EV: 20    Int: 11    God:    Okawaru [***...]
Gold:   471        SH:  0    Dex: 21    Spells: 0 memorised, 8 levels left

rFire  . . .     SeeInvis .     p - +3 dagger
rCold  . . .     Clarity  .     c - +0 robe
rNeg   . . .     SustAt   .     (shield restricted)
rPois  +         Gourm    .     (no helmet)
rElec  .         Spirit   .     d - +0 cloak
rCorr  .         Warding  .     (no gloves)
rMut   .         Stasis   .     u - +1 pair of boots of Qazlal's Displeasure {rPois Str+3 Int+2}
MR     .....                    (no amulet)
Stlth  +++++.....               (no ring)
                                (no ring)

@: about to teleport, not resistant to hostile enchantments, quite stealthy
A: carnivore 3
a: Heroism, Renounce Religion


You were in an ossuary.
You worshipped Okawaru.
Okawaru was most pleased with you.
You were full.

You visited 2 branches of the dungeon, and saw 8 of its levels.
You also visited: Ossuary.

You collected 471 gold pieces.

Inventory:

Hand weapons
 b - a +2 blowgun
 n - a +2 vampiric dagger
 p - a +3 dagger (weapon)
Missiles
 e - 72 poisoned needles
 f - a curare-tipped needle
 w - 14 tomahawks (quivered)
Armour
 c - a +0 robe (worn)
 d - a +0 cloak (worn)
 u - the +1 pair of boots of Qazlal's Displeasure (worn) {rPois Str+3 Int+2}
   (You found it on level 5 of the Dungeon)

   It affects your strength (+3).
   It affects your intelligence (+2).
   It protects you from poison.
Jewellery
 t - an uncursed amulet of stasis
Scrolls
 i - 2 scrolls of remove curse
 j - a scroll of teleportation
 k - 2 scrolls of immolation
 o - 2 scrolls of recharging
Potions
 h - 2 potions of lignification
 l - a potion of brilliance
 m - 3 potions of magic
 q - 2 potions of flight
 r - 2 potions of might
 s - a potion of cancellation {unknown}
 v - a potion of resistance {unknown}
Comestibles
 g - 2 meat rations


   Skills:
 - Level 6.0 Fighting
 + Level 7.2 Short Blades
 - Level 5.6 Throwing
 - Level 6.2 Dodging
 + Level 8.4 Stealth
 + Level 7.3 Invocations


You had 8 spell levels left.
You didn't know any spells.

Dungeon Overview and Level Annotations

Branches:
Dungeon (7/15)             Temple (1/1) D:4

Altars:
Cheibriados
Dithmenos
Fedhas
Kikubaaqudgha
Nemelex Xobeh
Okawaru
Trog
Yredelemnul
Zin

Shops:
D:4 (   D:5 (

Annotations:
D:4 Ijustatesigmund's ghost, experienced KoAs Ossuary bear's ghost, average DECj


Innate Abilities, Weirdness & Mutations

You are small and have problems with some larger weapons.
You are carnivorous and can eat meat at any time.


Message History

Bear's ghost points at you and mumbles some strange words.
The spray of energy hits you!
* * * LOW HITPOINT WARNING * * *
You are confused.
The big kobold zombie misses you.
Drink which item? (? for menu, Esc to quit)
Okay, then.
The big kobold zombie hits you but does no damage.
You bump into the stone wall.
The orc zombie misses you.
The big kobold zombie hits you but does no damage.
Bear's ghost hits you.
* * * LOW HITPOINT WARNING * * *
You feel less confused.
There is an open door, spattered with blood here.
Read which item? (? for menu, Esc to quit)
As you read the scroll of teleportation, it crumbles to dust.
You feel strangely unstable.
Bear's ghost points at you and mumbles some strange words.
The spray of energy hits you!
You die...

#########
#...'...#
#Z..#
#ZW.#
#@###
#.^.#
#^..#
#...#
#^^.#
#'###
#...#
#...#
#...#


You could see bear's ghost, a big kobold zombie and an orc zombie.

Vanquished Creatures
  Pikel (D:4)
  A cyclops (D:6)
  The ghost of Ijustatesigmund the Sneak, an average KoAs (D:3)
  A sky beast (D:6)
  2 slaves (D:4)
  A phantom (D:4)
  2 centaurs (D:5)
  An ogre (D:6)
  3 giant frogs (D:6)
  3 water moccasin zombies (Ossuary)
  A scorpion (D:4)
  A killer bee (D:6)
  A crimson imp (D:5)
  A jelly (D:6)
  A quasit (D:6)
  A centaur skeleton (D:6)
  3 hounds
  A giant frog skeleton (D:6)
  7 worker ants
  An iguana (D:6)
  2 big kobold zombies (Ossuary)
  A hound skeleton (D:4)
  11 adders
  9 gnolls
  A shadow imp (D:5)
  6 adder zombies
  2 adder skeletons
  2 worms
  5 giant geckos
  12 orcs
  7 bats
  3 giant cockroaches
  5 hobgoblins
  3 quokkas
  A ball python (D:5)
  2 giant newts (D:3)
  9 goblins
  4 hobgoblin zombies (Ossuary)
  A jackal skeleton (D:3)
  12 kobolds
  6 kobold zombies (Ossuary)
  An orc zombie (Ossuary)
  2 quokka zombies (D:7)
  12 rats
153 creatures vanquished.

Vanquished Creatures (others)
  A bush (D:5)
1 creature vanquished.

Grand Total: 154 creatures vanquished

Notes
Turn   | Place    | Note
--------------------------------------------------------------
     0 | D:1      | Ijustatesigmund the Kobold Assassin began the quest for the Orb.
     0 | D:1      | Reached XP level 1. HP: 12/12 MP: 1/1
    38 | D:1      | Reached XP level 2. HP: 17/17 MP: 2/2
   372 | D:1      | Reached XP level 3. HP: 18/21 MP: 3/3
   949 | D:2      | Reached skill level 6 in Stealth
  1122 | D:2      | Reached XP level 4. HP: 26/26 MP: 4/4
  1255 | D:2      | Reached skill level 5 in Short Blades
  1601 | D:3      | Noticed Ijustatesigmund's ghost (average KoAs)
  1630 | D:3      | Killed Ijustatesigmund's ghost
  1630 | D:3      | Reached XP level 5. HP: 24/30 MP: 5/5
  1630 | D:3      | Reached XP level 6. HP: 28/35 MP: 6/6
  2058 | D:3      | Reached skill level 7 in Stealth
  2663 | D:4      | Noticed Ijustatesigmund's ghost (experienced KoAs)
  3171 | D:4      | Found a staircase to the Ecumenical Temple.
  3181 | Temple   | Entered the Ecumenical Temple
  3190 | Temple   | Became a worshipper of Warmaster Okawaru
  3326 | D:4      | Noticed a slave
  3347 | D:4      | Killed a slave
  3369 | D:4      | Noticed a slave
  3386 | D:4      | Killed a slave
  3400 | D:4      | Noticed a slave
  3401 | D:4      | Noticed Pikel
  3406 | D:4      | Noticed a slave
  3425 | D:4      | Killed Pikel
  3425 | D:4      | Reached skill level 5 in Throwing
  3425 | D:4      | Reached skill level 8 in Stealth
  3425 | D:4      | Reached XP level 7. HP: 29/40 MP: 6/9
  3425 | D:4      | Reached XP level 8. HP: 31/44 MP: 6/10
  3506 | D:5      | Entered Level 5 of the Dungeon
  3645 | D:5      | Acquired Okawaru's first power
  4008 | D:5      | Got a pair of distressingly furry boots
  4019 | D:5      | Identified the +1 pair of boots of Qazlal's Displeasure {rPois Str+3 Int+2} (You found it on level 5 of the Dungeon)
  4042 | D:5      | Found Gaib's Antique Weapon Shop.
  4138 | D:5      | Found a blossoming altar of Fedhas.
  4687 | D:6      | Reached skill level 5 in Invocations
  4790 | D:6      | Reached XP level 9. HP: 18/52 MP: 11/13
  4793 | D:6      | Noticed a cyclops
  5115 | D:6      | Killed a cyclops
  5115 | D:6      | Reached skill level 5 in Fighting
  5115 | D:6      | Reached skill level 5 in Dodging
  5678 | D:6      | Found a glowing silver altar of Zin.
  5721 | D:6      | Found a sparkling altar of Nemelex Xobeh.
  6458 | D:4      | Found Poopoteg's Antique Weapon Shop.
  6674 | D:7      | Found a sand-covered staircase.
  6694 | Ossuary  | Entered an ossuary
  6920 | Ossuary  | Noticed bear's ghost (average DECj)
  7032 | Ossuary  | Killed from afar by bear's ghost

Vault maps used:
D:1:      co_arrival_random_square_maze, kennysheep_crisscross,
          minmay_misc_feat_diagonals
D:3:      first_bread, kennysheep_generic_room_5
D:4:      temple_fountains, serial_shops,
          nicolae_shop_competitors_out_of_business, uniq_pikel
D:5:      serial_shops, shop_coins, nrook_mini_vaults,
          fedhas_bush_and_centaur_altar
D:6:      hangedman_cross_stitches, zin_statuary, nemelex_deck, minivault_24
D:7:      minitemple, enter_ossuary_4, grunt_livestock
Temple:   circular_temple_12
Ossuary:  ossuary_tomb_2

Action                   |  1- 3 |  4- 6 |  7- 9 || total
-------------------------+-------+-------+-------++-------
Melee: Dagger            |    75 |   197 |   488 ||   760
 Fire: Blowgun           |       |    32 |    19 ||    51
Invok: Heroism           |       |       |     1 ||     1
  Use: Scroll            |     6 |     9 |     9 ||    24
       Potion            |       |     1 |     2 ||     3
 Stab: Sleeping          |    13 |    15 |    19 ||    47
       Distracted        |       |     1 |     2 ||     3
  Eat: Chunk             |    11 |    14 |    13 ||    38
